 Dungeon Crawl Stone Soup version 0.31-a0-1127-ge7b2bbabab (webtiles) character file.

Game seed: 1009915483335738474

11570 MacCMillion the Spry (level 11, 63/63 HPs)
             Began as a Deep Elf Conjurer on Dec 3, 2023.
             Was a Priest of Vehumet.
             Quit the game on level 11 of the Dungeon on Dec 5, 2023.
             The game lasted 00:26:56 (12728 turns).

MacCMillion the Spry (Deep Elf Conjurer)           Turns: 12728, Time: 00:26:56

Health: 63/63      AC:  5    Str:  4    XL:     11   Next: 51%
Magic:  32/36      EV: 28    Int: 28    God:    Vehumet [***...]
Gold:   479        SH:  0    Dex: 20    Spells: 19/30 levels left

rFire   + . .        H - +4 rapier "Jellybane" {holy, MP+9 Dex+7}
rCold   . . .        (no shield)
rNeg    . . .        r - +2 robe {Will+}
rPois   .            (no helmet)
rElec   .            (no cloak)
rCorr   .            (no gloves)
SInv    .            j - +0 pair of boots
Will    ++...        F - amulet of magic regeneration
Stlth   +++          v - +5 ring of evasion
HPRegen 0.30/turn    D - ring of protection from fire
MPRegen 0.65/turn

%: no passive effects
@: marked, studying Polearms
A: no striking features
a: Renounce Religion


You were on level 11 of the Dungeon.
You worshipped Vehumet.
Vehumet was most pleased with you.
You visited 2 branches of the dungeon, and saw 12 of its levels.

You collected 479 gold pieces.

Inventory:

Hand Weapons
 e - a +0 dagger
 H - the +4 rapier "Jellybane" (weapon) {holy, MP+9 Dex+7}
   (You took it off an orc on level 7 of the Dungeon)

   Dex+7:     It affects your dexterity (+7).
   MP+9:      It affects your magic capacity (+9).
Armour
 a - a +0 robe
 j - a +0 pair of boots (worn)
 r - a +2 robe of willpower (worn)
 J - +0 steam dragon scales
Magical Staves
 h - a staff of poison
Jewellery
 v - a +5 ring of evasion (left hand)
 D - a ring of protection from fire (right hand)
 E - a ring of flight
 F - an amulet of magic regeneration (around neck)
Wands
 z - a wand of roots (8)
 B - a wand of flame (12)
 G - a wand of paralysis (14)
 M - a wand of acid (6)
 N - a wand of polymorph (4)
Scrolls
 c - a scroll of fog {unknown}
 d - a scroll of noise {unknown}
 f - 4 scrolls of teleportation {unknown}
 k - 4 scrolls of amnesia {unknown}
 l - a scroll of immolation {unknown}
 q - a scroll of poison {unknown}
 t - a scroll of butterflies {unknown}
 w - a scroll of torment {unknown}
 y - 11 scrolls of identify {unknown}
 A - 4 scrolls of vulnerability {unknown}
 C - 2 scrolls of enchant weapon {unknown}
 I - 2 scrolls of enchant armour {unknown}
 L - a scroll of revelation {unknown}
Potions
 b - a potion of magic
 g - 3 potions of enlightenment {unknown}
 i - a potion of attraction {unknown}
 m - 4 potions of brilliance {unknown}
 n - 2 potions of ambrosia {unknown}
 o - 2 potions of berserk rage {unknown}
 p - 3 potions of curing {unknown}
 s - 3 potions of degeneration {unknown}
 u - a potion of resistance {unknown}
 x - 2 potions of haste {unknown}
 K - 2 potions of lignification {unknown}


   Skills:
 - Level 5.0 Fighting
 - Level 15.0 Dodging
 - Level 4.0 Stealth
 - Level 10.0 Spellcasting
 + Level 10.0 Conjurations
 - Level 4.0 Hexes
 - Level 3.0 Translocations


You had 19 spell levels left.
You knew the following spells:

 Your Spells              Type           Power      Damage    Failure   Level
a - Magic Dart            Conj           100%       1d8       1%          1
b - Searing Ray           Conj           100%       2d8       1%          2
c - Fulminant Prism       Conj/Hex       26%        3d13      1%          4
d - Iskenderun's Mystic   Conj/Tloc      50%        2d11      1%          4

Your spell library contained the following spells:

 Spells                   Type           Power      Damage    Failure   Level
 Hailstorm                Conj/Ice       42%        3d9       1%          3
 Sandblast                Erth           28%        2d8       1%          1
 Scorch                   Fire           28%        2d6       1%          2
 Static Discharge         Conj/Air       84%        3-7/arc   1%          2
 Dazzling Flash           Conj/Hex       100%       N/A       1%          3
 Inner Flame              Hex/Fire       25%        N/A       1%          3
 Mephitic Cloud           Conj/Pois/Air  32%        N/A       1%          3
 Stone Arrow              Conj/Erth      84%        3d12      1%          3
 Brom's Barrelling Bould  Conj/Erth      42%        2d6       1%          4
 Flame Wave               Conj/Fire      42%        2d11      1%          4
 Sticky Flame             Conj/Fire      42%        2d6       1%          4
 Irradiate                Conj/Tmut      21%        3d18      4%          5
 Call Imp                 Summ           28%        N/A       6%          2
 Passwall                 Tmut/Erth      11%        N/A       6%          2
 Sublimation of Blood     Necr           14%        N/A       6%          2
 Airstrike                Air            7%         2d(1-17)  11%         4
 Petrify                  Tmut/Erth      14%        N/A       36%         4
 Summon Lightning Spire   Summ/Air       14%        N/A       36%         4
 Summon Cactus Giant      Summ           7%         N/A       99%         6


Dungeon Overview and Level Annotations

Branches:
Dungeon (11/15)            Temple (1/1) D:4            Lair (0/5) D:10
    Orc (0/2) D:9

Altars:
Ashenzari
Cheibriados
Dithmenos
Elyvilon
Fedhas
Gozag
Hepliaklqana
Kikubaaqudgha
Makhleb
Nemelex Xobeh
Okawaru
Qazlal
Ru
Sif Muna
Trog
Uskayaw
Vehumet
Wu Jian
Xom
Yredelemnul
Zin
The Shining One

Shops:
D:6 =   D:10 (

Annotations:
D:4 2 runed translucent doors, HourglassMan's ghost, amateur MiFi


Message History

You open the door.
Found 4 poisoned darts.
There is an open door here.
You see here 4 poisoned darts.
N - a wand of polymorph (4)
A malevolent force fills the Dungeon...
With a horrendous wail, an alarm goes off!
A sentinel's mark forms upon you.
You hear a bellow! x2; You hear an angry hiss.
You hear a shout!
You hear a bellow! x3; You hear a shout! x4; You hear a bellow! x3
You hear a shout!
You hear a bellow!
You hear a shout! x2
A basilisk comes into view.
Casting: Searing Ray (safe; 1% risk of failure)
Confirm with . or Enter, or press ? or * to list all spells.
Aiming: Fulminant Prism (dangerous; 1% risk of failure)
Press: ? - help, Dir - move target You conjure a prism of explosive energy!
A fulminant prism comes into view.
Your fulminant prism crackles loudly.
Your fulminant prism explodes!
The blast of energy engulfs the basilisk!!
The basilisk is almost dead.
Casting: Fulminant Prism (dangerous; 1% risk of failure)
Confirm with . or Enter, or press ? or * to list all spells.
Aiming: Fulminant Prism (dangerous; 1% risk of failure)
Press: ? - help, Dir - move target You conjure a prism of explosive energy!
A fulminant prism comes into view.
Your fulminant prism crackles loudly.
You hear an explosion!
Vehumet accepts your kill.
You feel a bit more experienced.
Training target 15.0 for Dodging reached!
Your Dodging skill increases to level 15!
You need to enable at least one skill for training.
Okay, then.
Welcome back, MacCMillion the Deep Elf Conjurer.
Vehumet says: Let it end in hellfire!
Press ? for a list of commands and other information.
Are you sure you want to abandon this character and quit the game? (Confirm with "yes".)

#..............#
########...###.....#
##...####...###.....#
#.......#...........#
#.......#...........#
#......(#........<..#
#.......#...........#
#.......#...........#
#....@..#...........# #
######..##'##.####.##...#
..#..#.#..#..##.##.####.##...#
........#...........#....#...#
........#...*.......#....#...#
........#...........#....#...#
........+...........#....# .#
#.##+#####...###+####.#### #
#...# #'#


There were no monsters in sight!

Vanquished Creatures
  Gastronok (D:8)
  Pikel (D:7)
  Joseph (D:7)
  A kobold demonologist (D:10)
  Maggie (D:8)
  Jeremiah (D:7)
  3 trolls
  2 hornets (D:10)
  2 wyverns
  A wraith (D:11)
  11 yaks (D:10)
  A basilisk (D:11)
  3 steam dragons
  2 vampire mosquitoes (D:10)
  Edmund (D:5)
  Menkaure (D:5)
  3 water moccasins
  3 acid dragons (D:9)
  A sky beast (D:6)
  3 black bears
  2 ice beasts
  4 ogres (D:5)
  3 centaurs
  2 phantoms (D:5)
  2 lemures (D:7)
  2 kobold brigands
  2 bullfrogs
  A gnoll sergeant (D:5)
  5 scorpions
  19 wights
  6 killer bees (D:10)
  An electric eel (D:10)
  2 howler monkeys (D:8)
  2 jellies
  3 orc priests
  4 hounds
  2 sleepcaps
  Jessica (D:2)
  7 iguanas
  6 orc wizards
  13 gnolls
  6 adders
  2 shadow imps
  A worm (D:5)
  4 dart slugs
  41 orcs
  9 endoplasms
  A giant cockroach (D:2)
  6 goblins
  5 hobgoblins
  3 jackals (D:1)
  3 quokkas
  4 ball pythons
  8 bats
  6 frilled lizards
  14 kobolds
  9 rats
  A spectral hobgoblin (D:5)
255 creatures vanquished.

Vanquished Creatures (others)
  An orc (D:7)
  101 fulminant prisms
102 creatures vanquished.

Grand Total: 357 creatures vanquished

Notes
Turn   | Place    | Note
-------+----------+-------------------------------------------
     0 | D:1      | MacCMillion the Deep Elf Conjurer began the quest for the
                  | Orb.
     0 | D:1      | Reached XP level 1. HP: 10/10 MP: 6/6
   249 | D:1      | Reached XP level 2. HP: 15/15 MP: 6/8
  1013 | D:1      | Reached XP level 3. HP: 19/19 MP: 7/10
  1876 | D:2      | Found a bloodstained altar of Trog.
  1993 | D:2      | Reached skill level 5 in Conjurations
  2076 | D:2      | Reached XP level 4. HP: 24/24 MP: 10/12
  2096 | D:2      | Noticed Jessica
  2099 | D:2      | Killed Jessica
  2679 | D:2      | Learned a level 2 spell: Searing Ray
  3839 | D:4      | Reached skill level 5 in Spellcasting
  3839 | D:4      | Reached XP level 5. HP: 26/28 MP: 6/14
  3892 | D:4      | Found a runed translucent door.
  3893 | D:4      | Noticed HourglassMan's ghost (amateur MiFi)
  4003 | D:4      | Found a runed translucent door.
  4609 | D:4      | Reached XP level 6. HP: 32/32 MP: 11/17
  4660 | D:4      | Found a staircase to the Ecumenical Temple.
  4670 | Temple   | Entered the Ecumenical Temple
  4692 | Temple   | Became a worshipper of Vehumet
  5066 | D:5      | Entered Level 5 of the Dungeon
  5167 | D:5      | Noticed an ice beast
  5297 | D:5      | Noticed a water moccasin
  5303 | D:5      | Killed a water moccasin
  5304 | D:5      | Reached XP level 7. HP: 23/37 MP: 10/19
  5309 | D:5      | Learned a level 4 spell: Fulminant Prism
  5314 | D:5      | Learned a level 4 spell: Iskenderun's Mystic Blast
  5547 | D:5      | Noticed Edmund
  5547 | D:5      | Noticed Menkaure
  5559 | D:5      | Reached skill level 1 in Hexes
  5827 | D:5      | Killed Menkaure
  5897 | D:5      | Found a hazy altar of Hepliaklqana.
  6082 | D:5      | Reached skill level 1 in Translocations
  6190 | D:5      | Reached XP level 8. HP: 42/42 MP: 15/20
  7089 | D:5      | Reached * piety under Vehumet
  7089 | D:5      | Offered knowledge of Shock by Vehumet.
  7090 | D:5      | Reached skill level 10 in Conjurations
  7271 | D:5      | Killed Edmund
  7272 | D:5      | Reached skill level 1 in Fighting
  7272 | D:5      | Reached skill level 3 in Dodging
  7365 | D:6      | Found Ludidwem's Jewellery Shop.
  7429 | D:6      | Reached skill level 4 in Dodging
  7438 | D:6      | Reached XP level 9. HP: 48/48 MP: 10/22
  7825 | D:6      | Reached skill level 5 in Dodging
  8132 | D:7      | Noticed Jeremiah
  8144 | D:7      | Noticed Joseph
  8152 | D:7      | Killed Joseph
  8153 | D:7      | Reached skill level 6 in Dodging
  8162 | D:7      | Noticed Pikel
  8166 | D:7      | Killed Pikel
  8167 | D:7      | Reached skill level 7 in Dodging
  8226 | D:7      | Reached skill level 10 in Spellcasting
  8226 | D:7      | Reached XP level 10. HP: 58/58 MP: 16/26
  8233 | D:7      | Killed Jeremiah
  8233 | D:7      | Offered knowledge of Static Discharge by Vehumet.
  8276 | D:6      | Reached ** piety under Vehumet
  8323 | D:7      | Reached skill level 5 in Fighting
  8375 | D:7      | Reached skill level 8 in Dodging
  8398 | D:7      | Identified the +4 rapier "Jellybane" {holy, MP+9 Dex+7}
  8726 | D:7      | Offered knowledge of Poisonous Vapours by Vehumet.
  9047 | D:8      | Noticed Maggie
  9052 | D:8      | Reached skill level 9 in Dodging
  9054 | D:8      | Killed Maggie
  9355 | D:8      | Reached skill level 10 in Dodging
  9530 | D:8      | Noticed Gastronok
  9858 | D:8      | Reached *** piety under Vehumet
  9983 | D:8      | Killed Gastronok
  9984 | D:8      | Reached skill level 11 in Dodging
 10210 | D:8      | Reached skill level 12 in Dodging
 10803 | D:9      | Reached XP level 11. HP: 63/63 MP: 27/27
 10984 | D:9      | Found a staircase to the Orcish Mines.
 11304 | D:9      | Found an opulent altar of Gozag.
 11395 | D:10     | Entered Level 10 of the Dungeon
 11430 | D:10     | Offered knowledge of Hailstorm by Vehumet.
 11434 | D:10     | Reached skill level 13 in Dodging
 11796 | D:10     | Reached skill level 14 in Dodging
 11838 | D:10     | Found a staircase to the Lair.
 12252 | D:10     | Found Jyist's Antique Weapon Shop.
 12452 | D:11     | Upgraded the game from 0.31-a0-1110-gab2881137f to
                  | 0.31-a0-1127-ge7b2bbabab
 12552 | D:11     | Reached **** piety under Vehumet
 12728 | D:11     | Reached skill level 15 in Dodging
 12728 | D:11     | Quit the game

Illustrated notes

Levels and vault maps discovered:
D:1:      lemuel_arrival_river_ford, layout_basic, serial_bayou_pond_a,
          minmay_pentomino_z2
D:2:      layout_loops_ring, basic_altar, uniq_jessica
D:3:      layout_loops_corners, grunt_ministairs_11
D:4:      layout_loops_corners, minmay_temple_entry_purple_smoke,
          ebering_ghost_sewer_f, minmay_door_square
D:5:      layout_loops_ring, nicolae_hepliaklqana_monster_ancestors,
          serial_bayou_pond_b, minmay_misc_feat_five, minmay_manual_moon,
          uniq_edmund, uniq_menkaure
D:6:      layout_rooms, serial_shops, nicolae_stop_n_shop_2
D:7:      layout_cave_pools, uniq_pikel, uniq_jeremiah, uniq_joseph
D:8:      layout_basic, uniq_maggie, uniq_gastronok
D:9:      layout_irregular_city, nicolae_gozag_cash_rules_everything_around_me,
          orc_0_dummy
D:10:     layout_basic, david_lair_shrubbed, serial_shops, shop,
          kennysheep_decorative_pillar
D:11:     layout_gridville, fountainhead, uniq_amaemon
Temple:   nicolae_temple_bog_church

Skill      XL: |  1  2  3  4  5  6  7  8  9 10 11 |
---------------+----------------------------------+-----
Stealth        | 3 4 |  4.0
Spellcasting   | 4 5 6 7 10 | 10.0
Conjurations   | 5 6 7 8 10 | 10.0
Hexes          | 4 |  4.0
Translocations | 1 3 |  3.0
Fighting       | 2 4 5 |  5.0
Dodging        | 4 7 12 15 | 15.0

Action                     |  1- 3 |  4- 6 |  7- 9 | 10-12 || total
---------------------------+-------+-------+-------+-------++-------
  Melee: Dagger            |       |       |       |     1 ||     1
         Rapier            |       |       |       |     1 ||     1
   Cast: Magic Dart        |    84 |    56 |    65 |    55 ||   260
         Searing Ray       |       |    23 |    42 |    39 ||   104
         Fulminant Prism   |       |       |    25 |    76 ||   101
  Evoke: Wand              |       |       |       |     1 ||     1
 Armour: Robe              |     3 |    18 |    13 |    28 ||    62
  Dodge: Dodged            |     3 |     9 |    13 |    65 ||    90

Table legend: (Time is in decaauts)
 A = Elapsed time spent in this place.
 B = Non-inter-level travel time spent in this place.
 C = Inter-level travel time spent in this place.
 D = Time resting spent in this place.
 E = Time spent auto-exploring this place.
 F = Levels seen in this place.
 G = Mean time per level.
                   A        B        C        D        E       F      G
               +--------+--------+--------+--------+--------+-----+--------+
         Total |  12742 |  12167 |    575 |   3019 |   7531 |  12 | 1061.8 |
       Dungeon |  12697 |  12164 |    533 |   3019 |   7531 |  11 | 1154.3 |
        Temple |     44 |      2 |     42 |      0 |      0 |   1 |   44.0 |
               +--------+--------+--------+--------+--------+-----+--------+

Top non-repeatable levels by time:
     D:5: 1954 daAuts
     D:4: 1604 daAuts
     D:1: 1485 daAuts
     D:3: 1243 daAuts
     D:7: 1127 daAuts
    D:10: 1058 daAuts
     D:2: 1041 daAuts
     D:6: 1029 daAuts
     D:8: 966 daAuts
     D:9: 909 daAuts
    D:11: 276 daAuts
  Temple: 44 daAuts
